Map: Automaton LE

Players

Smileblind

  • Race: Zerg Zerg
  • League: Silver
  • Spawn Location: 9:00

A.I. 1 (Harder) - Winner!

  • Race: Terran Terran
  • Spawn Location: 3:00

VOD

Have the link to the VOD?

Description

Time

  • Played on: Jan. 15, 2019, 6:54 p.m.
  • Length: 18:07
Show
View Real Time Build Order
Export as new Build Order

Smileblind Zerg 

Build Orders: Pool First 

Get SALT Encoding   

  12  0:08  Overlord  
  12  0:21  Drone  
  12  0:22  Drone  
  14  0:40  Spawning Pool  
  13  0:46  Drone  
  13  0:47  Drone  
  15  0:55  Extractor  
  15  0:56  Extractor, Drone  
  14  1:06  Drone  
  15  1:14  Evolution Chamber, Drone  
  15  1:28  Queen  
  17  1:33  Drone  
  17  1:39  Drone  
  19  1:50  Metabolic Boost  
  19  2:00  Zergling x2  
  20  2:04  Zergling x2  
  21  2:13  Burrow  
  21  2:45  Hatchery  
  21  2:48  Drone  
  21  2:53  Drone  
  22  3:09  Overlord  
  22  3:15  Overlord  
  22  3:36  Lair  
  22  3:50  Spine Crawler  
  21  3:56  Drone x4  
  25  4:07  Drone  
  26  4:15  Queen  
  28  4:18  Drone  
  29  4:30  Spine Crawler  
  28  4:37  Zerg Melee Weapons Level 1  
  28  4:42  Drone x2  
  28  4:43  Drone  
  31  4:56  Drone  
  31  4:57  Drone  
  33  5:01  Drone  
  34  5:12  Spine Crawler  
  33  5:15  Queen  
  33  5:19  Drone  
  36  5:25  Extractor  
  36  5:28  Extractor  
  34  5:51  Nydus Network  
  34  5:56  Queen  
  35  5:58  Spire  
  34  6:09  Spore Crawler  
  33  6:24  Drone x6  
  33  6:25  Spore Crawler  
  38  6:32  Zerg Missile Weapons Level 1, Pneumatized Carapace  
  38  6:33  Overlord  
  38  6:35  Overlord  
  38  6:43  Drone  
  38  6:44  Drone  
  38  6:45  Drone  
  41  6:58  Drone x3  
  44  7:09  Queen  
  46  7:26  Hydralisk Den  
  45  7:33  Spine Crawler  
  44  7:58  Nydus Canal  
  44  8:02  Drone x4  
  44  8:03  Drone x3  
  51  8:19  Overlord x4  
  51  8:25  Hydralisk  
  53  8:37  Spore Crawler  
  53  8:38  Grooved Spines  
  53  8:40  Lurker Den  
  51  8:51  Hydralisk x3  
  51  8:52  Hydralisk  
  59  9:13  Spine Crawler  
  59  9:14  Hydralisk  
  59  9:15  Hydralisk x5  
  70  9:19  Nydus Canal  
  70  9:23  Zerg Melee Weapons Level 2  
  70  9:36  Drone x2  
  70  9:37  Drone x3  
  75  9:57  Hatchery  
  75  9:59  Hatchery  
  73  10:09  Drone x3  
  57  10:29  Mutalisk x2  
  57  10:30  Mutalisk  
  48  10:59  Drone  
  48  11:00  Drone x2  
  48  11:01  Queen  
  51  11:08  Spine Crawler  
  48  11:11  Spine Crawler  
  48  11:17  Spine Crawler  
  46  11:22  Spine Crawler  
  45  11:42  Hydralisk Den  
  45  11:44  Zerg Missile Weapons Level 2  
  36  12:05  Mutalisk  
  36  12:06  Mutalisk x2  
  42  12:14  Zerg Flyer Weapons Level 1  
  42  12:17  Queen  
  42  12:18  Drone x3  
  47  12:34  Hydralisk x3  
  53  12:52  Queen  
  55  13:06  Lurker Den, Queen  
  55  13:07  Drone x4  
  55  13:11  Drone x3  
  63  13:24  Spine Crawler  
  61  13:29  Spine Crawler  
  60  13:34  Spore Crawler  
  59  13:43  Spine Crawler  
  58  13:59  Hydralisk x2  
  58  14:00  Hydralisk x4  
  68  14:08  Zerg Flyer Armor Level 1  
  46  14:35  Hydralisk x2  
  46  14:36  Hydralisk x4  
  44  14:42  Mutalisk  
  44  14:43  Mutalisk x5  
  46  15:08  Zergling x10  
  41  15:26  Hydralisk x2  
  44  15:29  Queen  
  44  15:34  Lurker x2  
  48  15:36  Lurker  
  48  15:40  Drone  
  50  15:50  Queen  
  52  16:03  Drone  
  53  16:05  Queen  
  55  16:13  Lurker  
  56  16:23  Drone x5  
  61  16:25  Queen  
  63  16:34  Drone x2  
  65  16:49  Drone x2  
  67  16:57  Extractor  
  66  17:03  Spine Crawler, Spore Crawler  
  64  17:16  Extractor  
  64  17:19  Drone x3  
  66  17:36  Hydralisk  
  66  17:37  Hydralisk x3  
Show
View Real Time Build Order
Export as new Build Order

A.I. 1 (Harder) Terran - Winner!

Build Orders:  

Get SALT Encoding   

  12  0:00  SCV  
  13  0:13  SCV  
  14  0:19  Supply Depot  
  14  0:25  SCV  
  15  0:41  SCV  
  16  0:45  Barracks  
  16  0:53  SCV  
  17  1:05  SCV  
  18  1:20  Command Center  
  18  1:32  Marine  
  19  1:35  Orbital Command  
  19  1:40  Supply Depot  
  19  1:49  Marine  
  19  1:50  Refinery  
  20  2:00  SCV  
  21  2:04  Barracks  
  21  2:11  Refinery  
  21  2:12  Marine  
  21  2:13  SCV  
  23  2:25  SCV  
  24  2:30  Barracks Tech Lab, Supply Depot  
  24  2:40  SCV  
  25  2:48  Marine  
  26  2:54  Refinery  
  26  2:58  Marine  
  26  3:02  SCV  
  26  3:05  SCV  
  29  3:09  Marine  
  29  3:11  Factory  
  30  3:14  SCV  
  31  3:20  SCV  
  31  3:25  Barracks Tech Lab  
  31  3:26  SCV  
  33  3:27  Marauder  
  33  3:32  SCV  
  36  3:38  SCV  
  37  3:44  SCV  
  37  3:47  Factory  
  37  3:50  SCV  
  37  3:55  Hellion  
  40  4:01  Starport  
  40  4:10  Starport  
  40  4:16  Factory Tech Lab  
  40  4:19  Marauder  
  42  4:29  Reaper  
  43  4:31  Factory Tech Lab  
  43  4:38  Starport Tech Lab  
  43  4:40  Hellion  
  45  4:46  SCV, Supply Depot  
  45  4:47  Starport Tech Lab  
  45  4:48  SCV  
  45  4:51  Hellion  
  49  4:56  Stimpack  
  49  4:58  SCV  
  50  5:00  SCV  
  50  5:01  Siege Tank  
  50  5:03  Combat Shield  
  54  5:10  SCV  
  54  5:11  Engineering Bay  
  55  5:16  SCV  
  56  5:22  SCV  
  56  5:23  Supply Depot  
  58  5:28  SCV  
  58  5:32  Marine  
  58  5:34  SCV  
  60  5:37  Terran Infantry Weapons Level 1  
  60  5:40  SCV  
  60  5:42  Marine  
  61  5:46  SCV, Supply Depot  
  63  5:52  SCV  
  63  5:54  Marauder  
  66  5:58  SCV  
  67  6:04  Marauder  
  67  6:08  SCV  
  67  6:10  SCV  
  67  6:11  Supply Depot  
  71  6:15  Reaper  
  72  6:20  SCV  
  72  6:22  Concussive Shells  
  73  6:25  Viking  
  73  6:26  Refinery  
  76  6:32  SCV  
  76  6:33  SCV  
  76  6:35  Supply Depot  
  76  6:36  Hellion  
  78  6:45  SCV x2  
  80  6:47  Hellion  
  82  6:57  SCV x2  
  82  6:58  Missile Turret, Hellion  
  82  7:00  Missile Turret  
  86  7:03  Supply Depot  
  86  7:06  Missile Turret  
  86  7:09  Missile Turret, Hellion  
  86  7:14  Sensor Tower  
  88  7:19  Siege Tank  
  88  7:22  Bunker  
  91  7:24  Armory  
  91  7:25  Raven, SCV  
  91  7:26  SCV  
  91  7:27  Barracks  
  91  7:29  Supply Depot  
  95  7:30  Siege Tank  
  95  7:31  Terran Infantry Armor Level 1, Raven  
  95  7:36  Bunker  
  100  7:37  SCV  
  100  7:38  SCV  
  102  7:51  SCV  
  103  7:54  Supply Depot  
  103  8:15  Barracks Reactor  
  103  9:35  Medivac  
  103  9:36  Terran Infantry Weapons Level 2, Medivac, Marine  
  108  9:39  Factory, Marine  
  108  9:41  Marine  
  108  9:43  Starport, Infernal Pre-Igniter  
  108  9:44  Marine  
  111  9:47  Supply Depot  
  111  9:51  Engineering Bay  
  111  9:54  Marine, Terran Vehicle Weapons Level 1  
  111  9:56  Marine  
  111  9:59  Marine  
  114  10:02  Marine  
  114  10:05  Raven  
  117  10:08  Medivac  
  117  10:10  Supply Depot  
  117  10:12  Marauder  
  121  10:15  Marauder  
  121  10:16  Terran Infantry Armor Level 2, Ghost Academy  
  121  10:19  Starport Reactor  
  117  10:23  Factory Tech Lab  
  117  10:25  Marine  
  112  10:28  Marine  
  112  10:33  Marauder  
  112  10:34  Fusion Core  
  112  10:36  Marine  
  109  10:43  Armory  
  109  10:53  Ghost  
  109  10:55  Marauder  
  109  10:57  Marine  
  111  10:59  Marine  
  106  11:14  Marine  
  106  11:15  Marine  
  106  11:17  Marine  
  109  11:23  Marauder  
  111  11:30  Terran Vehicle And Ship Armor Level 1  
  111  11:34  Marauder  
  113  11:48  Terran Ship Weapons Level 1  
  113  11:53  Marauder  
  113  13:00  Terran Infantry Weapons Level 3, Widow Mine  
  113  13:01  Terran Infantry Armor Level 3  
  113  13:02  Widow Mine  
  113  13:03  Supply Depot  
  113  13:04  Marine  
  118  13:06  Marine  
  118  13:08  Marine  
  118  13:10  Marine  
  121  13:22  Marauder  
  121  13:23  Viking  
  121  13:24  Marauder, Terran Vehicle Weapons Level 2  
  121  13:26  Viking  
  125  13:27  Supply Depot  
  125  13:42  Terran Vehicle And Ship Armor Level 2  
  125  13:44  Marauder  
  125  13:46  Marauder  
  129  13:49  Widow Mine  
  129  13:52  Widow Mine  
  129  13:53  Supply Depot  
  133  14:04  Ghost  
  133  14:07  Marauder, Medivac  
  133  14:10  Medivac  
  133  14:13  Marine  
  131  14:19  Marine  
  128  14:28  Marine  
  121  14:31  Marine  
  121  14:34  Marauder  
  121  14:35  Medivac  
  121  14:36  Raven  
  121  14:37  Marine  
  121  14:40  Raven  
  121  14:46  Marine  
  121  14:49  Marine  
  123  14:54  Marine x2  
  123  15:04  Marauder  
  123  15:06  Supply Depot  
  125  15:07  Marine  
  125  15:12  Marine  
  125  15:13  Marauder  
  121  15:19  Raven  
  119  15:24  Marine  
  119  15:25  Marine  
  119  15:27  Siege Tank  
  121  15:30  Marine  
  121  15:34  Marine  
  120  15:40  Siege Tank  
  120  15:42  Marine  
  123  15:43  Marauder  
  126  15:52  Marauder  
  128  16:04  Ghost  
  130  16:13  Marauder  
  132  16:33  Marauder  
  132  16:35  Marauder  
  136  16:46  Drilling Claws  
  136  16:55  Marauder  
  136  16:56  Marauder  
  136  17:00  Marine x2  
  142  17:02  Supply Depot  
  142  17:16  Marine  
  142  17:17  Marine  
  142  17:18  Marine x2  
  146  17:33  Marine  
  146  17:35  Marine  
  146  17:36  Marine  
Tags
 
League
Silver
Matchup
TvZ
Opening
Pool First
Spawn Locations
Cross Positions
Add a new tag
Caveats
  • Supply blocks, unpowered buildings, or Contaminate may cause inaccurate times.
  • Supply counts are checked every 10 seconds.